 Dungeon Crawl Stone Soup version 0.18.1-6-gd335043 (webtiles) character file.

51 Gorice the Slasher (level 4, -1/35 HPs)
             Began as a Human Fighter on May 18, 2016.
             Slain by a gnoll
             ... wielding a +0 halberd
              (11 damage)
             ... on level 2 of the Dungeon.
             The game lasted 00:03:16 (1033 turns).

Gorice the Slasher (Human Fighter)                  Turns: 1033, Time: 00:03:16

Health: -1/35      AC: 12    Str: 17    XL:     4   Next: 5%
Magic:  4/4        EV:  2    Int:  9    God:
Gold:   94         SH:  9    Dex: 12    Spells: 0 memorised, 3 levels left

rFire  . . .     SeeInvis +     a - +0 long sword
rCold  . . .     Gourm    .     k - +0 plate armour
rNeg   . . .     Faith    .     c - +0 shield
rPois  .         Spirit   .     (no helmet)
rElec  .         Dismiss  .     (no cloak)
rCorr  .         Reflect  .     q - +0 pair of gloves
SustAt .         Harm     .     (no boots)
MR     .....                    (no amulet)
Stlth  ..........               p - ring of flight
                                l - ring of see invisible

@: not resistant to hostile enchantments, extremely unstealthy
A: no striking features
a: Evoke Flight


You were on level 2 of the Dungeon.
You were not hungry.

You visited 1 branch of the dungeon, and saw 2 of its levels.

You collected 94 gold pieces.

Inventory:

Hand Weapons
 a - a +0 long sword (weapon)
 e - a +0 hunting sling
Missiles
 Z - 47 stones (quivered)
Armour
 b - a +0 scale mail
 c - a +0 shield (worn)
 k - a +0 plate armour (worn)
 q - a +0 pair of gloves (worn)
Jewellery
 l - a ring of see invisible (left hand)
 p - a ring of flight (right hand)
Scrolls
 h - a scroll of recharging {unknown}
 o - a scroll of identify {unknown}
 r - a scroll of noise {unknown}
Potions
 d - a potion of might {!q}
 j - a potion of lignification {unknown}
 m - a potion of magic {unknown}
Comestibles
 f - 3 bread rations {!e}
 g - a slice of pizza
 i - a meat ration {!e}
 n - 10 chunks of flesh


   Skills:
 - Level 3.0 Fighting
 * Level 3.7 Long Blades
 + Level 3.3 Armour
 - Level 3.0 Shields


You had 3 spell levels left.
You didn't know any spells.

Dungeon Overview and Level Annotations

Branches:
Dungeon (2/15)

Altars:


Message History

Eating one of 12 chunks of flesh.
This raw flesh tastes terrible.
You continue eating. x2
r - a scroll labeled NAR ACWINAUFYP A gnoll comes into view.
It is wielding a halberd.
The gnoll shouts!
Throwing (i - inventory):
Z - 50 stones (quivered)
Press: ? - help, Shift-Dir - straight line, f - gnoll
Aim: a gnoll, wielding a halberd You throw a stone.
The stone closely misses the gnoll.
Throwing (i - inventory):
Z - 49 stones (quivered)
Press: ? - help, Shift-Dir - straight line, f/p - gnoll
Aim: a gnoll, wielding a halberd You throw a stone.
The stone hits the gnoll but does no damage.
Some of the chunks of flesh in your inventory have rotted away.
Throwing (i - inventory):
Z - 48 stones (quivered)
Press: ? - help, Shift-Dir - straight line, f/p - gnoll
Aim: a gnoll, wielding a halberd You throw a stone.
The stone hits the gnoll but does no damage.
The gnoll hits you but does no damage. The gnoll hits you but does no damage.
You hit the gnoll.
The gnoll is moderately wounded.
The gnoll hits you with a halberd!
* * * LOW HITPOINT WARNING * * *
Damage: 9 (max 9)
Your plate armour prevents you from hitting the gnoll.
The gnoll is moderately wounded.
You block the gnoll's attack.
You closely miss the gnoll.
The gnoll is moderately wounded.
The gnoll hits you but does no damage.
Your shield and plate armour prevent you from hitting the gnoll.
The gnoll is moderately wounded.
The gnoll hits you with a halberd.
* * * LOW HITPOINT WARNING * * *
Damage: 3 (max 9)
You hit the gnoll.
The gnoll is severely wounded.
The gnoll hits you but does no damage.
Your plate armour prevents you from hitting the gnoll.
The gnoll is severely wounded.
The gnoll hits you with a halberd.
* * * LOW HITPOINT WARNING * * *
Damage: 2 (max 9)
You hit the gnoll.
The gnoll is almost dead.
The gnoll hits you with a halberd!
You die...

###### #..#
#....########..###
#..............#..
#.................
#......##......##.
#......##.รท.......
#......#..........
#.#..............#
#@#....#..........
#g#.............#.
#(##............##
#.##..>...........
(........#...####.
............#.
..#.#.. ...#.
g###..... .. ..
.......


You could see a gnoll.

Vanquished Creatures
  An adder (D:2)
  A worm (D:2)
  2 dart slugs (D:1)
  2 giant geckos (D:1)
  A ball python (D:1)
  2 giant cockroaches
  3 goblins (D:1)
  3 hobgoblins (D:1)
  4 jackals (D:1)
  4 kobolds (D:1)
  2 bats (D:1)
  7 rats (D:1)
32 creatures vanquished.

Notes
Turn   | Place    | Note
--------------------------------------------------------------
     0 | D:1      | Gorice the Human Fighter began the quest for the Orb.
     0 | D:1      | Reached XP level 1. HP: 18/18 MP: 1/1
   191 | D:1      | Reached XP level 2. HP: 15/24 MP: 2/2
   329 | D:1      | Reached skill level 3 in Long Blades
   730 | D:1      | Reached XP level 3. HP: 27/29 MP: 3/3
   991 | D:2      | Reached XP level 4. HP: 20/35 MP: 4/4
  1032 | D:2      | HP: 10/35 [gnoll/halberd (3)]
  1033 | D:2      | Slain by a gnoll

Skill      XL: |  1  2 |
---------------+-------+-----
Long Blades    | 3 |  3.7
Fighting       | |  3.0
Armour         | |  3.3
Shields        | |  3.0

Action                   |  1- 3 |  4- 6 || total
-------------------------+-------+-------++-------
Melee: Long sword        |   110 |     7 ||   117
Throw: Stone             |       |     3 ||     3
  Eat: Chunk             |       |     1 ||     1
Armor: Scale mail        |    15 |       ||    15
       Plate armour      |    60 |     3 ||    63
Dodge: Dodged            |    19 |       ||    19
Block: Shield            |    51 |     1 ||    52

Table legend:
 A = Turns spent in this place as a percentage of turns spent in the entire game.
 B = Non-inter-level travel turns spent in this place as a percentage of non-inter-level travel turns spent in the entire game.
 C = Inter-level travel turns spent in this place as a percentage of turns spent in this place.
 D = Turns resting spent in this place as a percentage of non-inter-level travel turns spent in this place.
 E = Turns spent auto-exploring this place as a percentage of non-inter-level travel turns spent in this place.
 F = Non-inter-level travel turns spent in this place divided by the number of levels of this place that you've seen.
                   A       B       C       D       E      F
               +-------+-------+-------+-------+-------+----------------------
         Total | 100.0 | 100.0 |   0.2 |   0.4 |   7.8 | 230.5
       Dungeon | 100.0 | 100.0 |   0.2 |   0.4 |   7.8 | 230.5
               +-------+-------+-------+-------+-------+----------------------

Vault maps used:
D:1:      lightli_arrival_boilingwater, hangedman_decor_peaks_small
D:2:      first_bread, minmay_strange_pillars, okawaru_altar_gauntlet_db,
          uniq_sigmund, uniq_jessica
